 Dungeon Crawl Stone Soup version 0.30-a0-367-g839099abd5 (webtiles) character file.

Game seed: 14758742760594839456

282 Aramant the Slasher (level 6, -16/49 HPs)
             Began as a Human Cinder Acolyte on Nov 18, 2022.
             Was a Priest of Ignis.
             Demolished by an ogre
             ... wielding a +0 giant spiked club
              (22 damage)
             ... on level 5 of the Dungeon.
             The game lasted 00:06:30 (987 turns).

Aramant the Slasher (Human Cinder Acolyte)           Turns: 987, Time: 00:06:32

Health: -16/49     AC:  9    Str: 14    XL:     6   Next: 53%
Magic:  7/7        EV: 12    Int: 14    God:    Ignis [***...]
Gold:   60         SH:  5    Dex: 11    Spells: 7/7 levels left

rFire   + + .      SeeInvis .    a - -1 falchion (flame)
rCold   . . .      Faith    .    (no shield)
rNeg    . . .      Spirit   .    b - +0 robe
rPois   .          Reflect  +    (no helmet)
rElec   .          Harm     .    (no cloak)
rCorr   .          Rampage  .    (no gloves)
Will    .....                    (no boots)
Stlth   +.........               m - amulet of reflection
HPRegen 0.28/turn                d - ring of protection from fire
MPRegen 0.10/turn                (no ring)

@: fiery-armoured
A: no striking features
a: Renounce Religion, Fiery Armour, Foxfire Swarm, Rising Flame


You were on level 5 of the Dungeon.
You worshipped Ignis.
Ignis was most pleased with you.
You visited 1 branch of the dungeon, and saw 5 of its levels.

You collected 60 gold pieces.

Inventory:

Hand Weapons
 a - a -1 falchion of flaming (weapon)
Armour
 b - a +0 robe (worn)
Jewellery
 d - a ring of protection from fire (left hand)
 m - an amulet of reflection (around neck)
 n - a ring of positive energy
Scrolls
 f - 3 scrolls of fog
 h - a scroll of blinking {unknown}
 i - a scroll of magic mapping {unknown}
 j - a scroll of poison {unknown}
Potions
 c - a potion of curing {unknown}
 e - 3 potions of mutation {unknown}
 g - a potion of lignification {unknown}
 k - a potion of heal wounds {unknown}
 l - a potion of degeneration {unknown}


   Skills:
 + Level 4.4 Fighting
 + Level 4.9 Long Blades
 + Level 1.9 Dodging
 + Level 0.4 Stealth
 + Level 1.0 Spellcasting
 + Level 3.7 Fire Magic


You had 7 spell levels left.
You didn't know any spells.
Your spell library contained the following spells:

 Spells                   Type           Power      Damage    Failure   Level
 Scorch                   Fire           22%        2d6       9%          2


Dungeon Overview and Level Annotations

Branches:
Dungeon (5/15)
 Temple: D:4-7

Altars:

Annotations:
D:5 Pikel


Message History

The lemure hits you but does no damage.
The lemure is burned by your cloak of flames.
The lemure is almost dead.
A scorpion comes into view.
Found a chain mail.
An iguana comes into view.
The iguana hisses angrily.
You hear a shout!
An ogre comes into view. It is wielding a +0 giant spiked club.
A quokka comes into view.
An ogre comes into view. It is wielding a +0 giant club.
The ogre shouts!
The ogre completely misses you.
Found 14 gold pieces.
Your extra speed is starting to run out.
You see here a murky blue potion.
c - a murky blue potion You feel yourself slow down.
You see here a ring of positive energy.
n - a ring of positive energy The quokka twitches its whiskers.
You start putting on your amulet.
You continue putting on your amulet of reflection. x3
The quokka bites you but does no damage.
The quokka is burned by your cloak of flames.
You kill the quokka!
You continue putting on your amulet of reflection. x2
You finish putting on your amulet of reflection.
You feel a shielding aura gather around you.
m - an amulet of reflection (around neck)
You hit the orc. You burn the orc.
The orc is heavily wounded.
The centaur wields a +0 shortbow.
The centaur shoots an arrow.
The arrow hits you! The orc barely misses you.
The ogre hits you with a +0 giant club!
* * * LOW HITPOINT WARNING * * *
The ogre is burned by your cloak of flames.
The ogre is lightly wounded.
The orc misses you.
The ogre hits you with a +0 giant spiked club!!
You die...

#.. #. #.# ####. #.#
##.... ##.#######...O#
###..K.r...O..###
#######...########..#
#......c...######..##
#.....OO...........####
#.....@.l..#........ ..
#.....o......#######
########..#...# #
#..........# #
#..........#########
#.................c.
#..<.......#.......$
#......[...######!..
########...# #...


You could see Pikel, 2 ogres, a centaur, an iguana and an orc.

Vanquished Creatures
  A lemure (D:5)
  2 phantoms (D:4)
  A necrophage (D:4)
  A hound (D:4)
  A gnoll (D:2)
  An adder (D:2)
  An ufetubus (D:4)
  An orc (D:4)
  2 ball pythons
  2 bats
  An endoplasm (D:2)
  A giant cockroach (D:2)
  5 goblins
  2 hobgoblins (D:2)
  4 kobolds
  3 quokkas
  2 frilled lizards
  3 rats
34 creatures vanquished.

Vanquished Creatures (others)
  51 foxfires
  10 plants (D:5)
61 creatures vanquished.

Grand Total: 95 creatures vanquished

Notes
Turn   | Place    | Note
-------+----------+-------------------------------------------
     0 | D:1      | Aramant the Human Cinder Acolyte began the quest for the
                  | Orb.
     0 | D:1      | Reached XP level 1. HP: 18/18 MP: 2/2
    91 | D:2      | Reached XP level 2. HP: 17/24 MP: 3/3
    92 | D:2      | Reached XP level 3. HP: 21/29 MP: 4/4
   632 | D:4      | Noticed a phantom
   634 | D:4      | Killed a phantom
   635 | D:4      | Reached skill level 1 in Dodging
   635 | D:4      | Reached XP level 4. HP: 30/37 MP: 5/5
   635 | D:4      | Reached XP level 5. HP: 34/42 MP: 6/6
   695 | D:4      | Noticed a phantom
   712 | D:4      | Killed a phantom
   713 | D:4      | Reached XP level 6. HP: 35/48 MP: 7/7
   907 | D:5      | Entered Level 5 of the Dungeon
   911 | D:5      | Noticed Pikel
   946 | D:5      | Noticed an ogre
   949 | D:5      | Noticed an ogre
   987 | D:5      | Demolished by an ogre

Illustrated notes

Levels and vault maps discovered:
D:1:      ebering_hopf_link, layout_basic,
          shapermc_ecumenical_altar_mp_highgroup
D:2:      minmay_recursive_quarters, layout_basic
D:3:      layout_loops_ring, nicolae_dithmenos_through_a_glass_darkly,
          chequers_serial_rivers_micro_e, uniq_natasha, uniq_ijyb
D:4:      layout_basic, grunt_ministairs_7, minivault_26
D:5:      layout_rooms, mainiacjoe_overflow_alcove_4, serial_bayou_lagoon_a,
          uniq_pikel

Skill      XL: |  1  2  3 |
---------------+----------+-----
Fighting       | 4 |  4.4
Long Blades    | 4 |  4.9
Dodging        | 1 |  1.9
Stealth        | |  0.4
Spellcasting   | |  1.0
Fire Magic     | |  3.7

Action                   |  1- 3 |  4- 6 || total
-------------------------+-------+-------++-------
Melee: Falchion          |    55 |    50 ||   105
Invok: Foxfire Swarm     |     2 |     2 ||     4
       Fiery Armour      |     1 |     1 ||     2
  Use: Scroll            |     3 |       ||     3
       Potion            |       |     2 ||     2
Armor: Robe              |    21 |    17 ||    38
Dodge: Dodged            |    41 |    25 ||    66

Table legend: (Time is in decaauts)
 A = Elapsed time spent in this place.
 B = Non-inter-level travel time spent in this place.
 C = Inter-level travel time spent in this place.
 D = Time resting spent in this place.
 E = Time spent auto-exploring this place.
 F = Levels seen in this place.
 G = Mean time per level.
                   A        B        C        D        E       F      G
               +--------+--------+--------+--------+--------+-----+--------+
         Total |    958 |    958 |      0 |    269 |    319 |   5 |  191.6 |
       Dungeon |    958 |    958 |      0 |    269 |    319 |   5 |  191.6 |
               +--------+--------+--------+--------+--------+-----+--------+

Top non-repeatable levels by time:
     D:2: 545 daAuts
     D:4: 258 daAuts
     D:3: 65 daAuts
     D:5: 62 daAuts
     D:1: 27 daAuts
